 Dungeon Crawl Stone Soup version 0.31-a0-4-gefa6de2278 (webtiles) character file.

Game seed: 2459968817862826245

671888 vineage the Phalangite (level 27, -22/187 (188) HPs)
             Began as a Gargoyle Fighter on May 4, 2023.
             Was the Champion of the Shining One.
             Collided with a water elemental (37 damage)
             ... caused by an elemental wellspring
             ... on level 7 of Cocytus.
             The game lasted 01:49:36 (111279 turns).

vineage the Phalangite (Gargoyle Fighter)         Turns: 111279, Time: 01:49:38

HP:   -22/187 (188) AC: 46    Str: 29      XL:     27
MP:   0/37          EV: 28    Int:  3 (7)  God:    the Shining One [******]
Gold: 10310         SH: 48    Dex: 28      Spells: 26/26 levels left

rFire   + + +        a - +9 trishula (holy)
rCold   + + .        Q - +8 tower shield {reflect}
rNeg    + + +        D - +5 ring mail "Xesheg" {Fly Str+3 Dex+6}
rPois   ∞            (helmet restricted)
rElec   +            P - +1 cloak of Okawaru's Hatred {Will+ Dex+3}
rCorr   .            b - +3 Mad Mage's Maulers {Infuse+∞ VampMP -Cast}
SInv    .            q - +1 pair of boots
Will    +++++        X - amulet "Ontu" {rF+ rC+ Will+++ Regen+ Int-2}
Stlth   ++++         W - ring "Ipauqiwi" {rPois rF++}
HPRegen 1.31/turn    E - ring of Shadows {Umbra +Inv Stlth+}
MPRegen 0.25/turn

%: no spellcasting, reflection
@: divinely shielded, flying, studying Summonings, lightly drained, unable to
read, unable to drink
A: sickness immunity, AC +20, big wings, negative energy resistance 1,
electricity resistance, torment resistance 1, petrification resistance, horns 1,
agile 1, cold resistance 1, inability to read after injury 1
}: 4/15 runes: decaying, serpentine, slimy, silver
a: Renounce Religion, Evoke Invisibility, Divine Shield, Cleansing Flame, Summon
Divine Warrior


You were on level 7 of Cocytus.
You worshipped the Shining One.
The Shining One was exalted by your worship.
You visited 14 branches of the dungeon, and saw 65 of its levels.
You also visited: Ice Cave.

You collected 12200 gold pieces.
You spent 1890 gold pieces at shops.

Inventory:

Hand Weapons
 a - a +9 trishula of holy wrath (weapon)
Armour
 b - the +3 Mad Mage's Maulers (worn) {Infuse+∞ VampMP -Cast}
   (You acquired it on level 2 of the Dungeon)

   Infuse+∞: It empowers its wearer's blows with all of their magic.
   VampMP:    Blows struck in melee replenish the wearer's magic.
   -Cast:     It prevents spellcasting.
 n - the +1 helmet "Gapo" {+Blink +Inv Str+5}
   (Okawaru gifted it to you on level 2 of the Elven Halls)

   Str:       It affects your strength (+5).
   +Inv:      It lets you turn invisible.
   +Blink:    It lets you blink.
 q - a +1 pair of boots (worn)
 D - the +5 ring mail "Xesheg" (worn) {Fly Str+3 Dex+6}
   (Okawaru gifted it to you on level 3 of the Snake Pit)

   Str:       It affects your strength (+3).
   Dex:       It affects your dexterity (+6).
   Fly:       It grants you flight.
 F - the +2 shield of Resistance {rF++ rC++ Will++}
   (You found it on level 4 of the Snake Pit)

   rF:        It greatly protects you from fire.
   rC:        It greatly protects you from cold.
   Will:      It greatly increases your willpower.
 P - the +1 cloak of Okawaru's Hatred (worn) {Will+ Dex+3}
   (Okawaru gifted it to you on level 1 of the Swamp)

   Dex:       It affects your dexterity (+3).
   Will:      It increases your willpower.
 Q - a +8 tower shield of reflection (worn)
 V - a +4 plate armour of cold resistance
Jewellery
 g - the necklace of Bloodlust {Fury *Rage Will++ Int-3 Slay+6}
   (You found it on level 1 of the Depths)

   [amulet of nothing]

   Fury:      It extends the wearer's berserk rage when killing foes.
   Int:       It affects your intelligence (-3).
   Slay:      It affects your accuracy & damage with ranged weapons and melee
   (+6).
   *Rage:     It berserks you when you make melee attacks (+50% chance).
   Will:      It greatly increases your willpower.
 k - the ring "Sevogod" {Will+ Int+6}
   (You found it on level 3 of the Crypt)

   [ring of intelligence]

   Int:       It affects your intelligence (+6).
   Will:      It increases your willpower.
 y - a ring of magical power
 z - the ring of Bugyik {rF+ Will++}
   (You found it on level 5 of the Pits of Slime)

   [ring of protection from fire]

   rF:        It protects you from fire.
   Will:      It greatly increases your willpower.
 E - the ring of Shadows (right hand) {Umbra +Inv Stlth+}
   (You took it off a deep elf annihilator on level 3 of the Elven Halls)

   [ring of stealth]

   Umbra:     It surrounds you with an aura of shadow, increasing your stealth
   and reducing the accuracy of all others within it.
   +Inv:      It lets you turn invisible.
   Stlth:     It makes you more stealthy.
 I - the ring "Izath" {rN+ Will+++ Str-3 Int+4 Slay-4}
   (You found it on level 3 of the Crypt)

   [ring of positive energy]

   Str:       It affects your strength (-3).
   Int:       It affects your intelligence (+4).
   Slay:      It affects your accuracy & damage with ranged weapons and melee
   (-4).
   rN:        It protects you from negative energy.
   Will:      It greatly increases your willpower.
 N - an amulet of faith
 O - the ring of the Queen {rPois Str+6 Int+4}
   (You bought it in a shop on level 2 of the Orcish Mines)

   [ring of strength]

   Str:       It affects your strength (+6).
   Int:       It affects your intelligence (+4).
   rPois:     It protects you from poison.
 S - a ring of resist corrosion
 W - the ring "Ipauqiwi" (left hand) {rPois rF++}
   (You found it in an ice cave)

   [ring of poison resistance]

   rF:        It greatly protects you from fire.
   rPois:     It protects you from poison.
 X - the amulet "Ontu" (around neck) {rF+ rC+ Will+++ Regen+ Int-2}
   (You found it in an ice cave)

   [amulet of regeneration]

   Int:       It affects your intelligence (-2).
   rF:        It protects you from fire.
   rC:        It protects you from cold.
   Regen:     It increases your rate of health regeneration.
   Will:      It greatly increases your willpower.
 Y - the ring "Yxituse" {rC+ rN+ Dex+3}
   (You found it on level 3 of the Crypt)

   [ring of positive energy]

   Dex:       It affects your dexterity (+3).
   rC:        It protects you from cold.
   rN:        It protects you from negative energy.
 Z - the dreamshard necklace {*Dream Drain}
   (You found it on level 3 of the Crypt)

   [amulet of nothing]

   *Dream:    It shatters if its wearer takes lethal or near-lethal damage,
   preventing the blow and releasing protective dreams that heal and fight for
   the wearer.
   Drain:     It drains your maximum health when unequipped.
Wands
 m - a wand of digging (15)
 t - a wand of light (7)
 R - a wand of paralysis (17)
Scrolls
 d - 10 scrolls of magic mapping
 e - 9 scrolls of amnesia
 l - a scroll of blinking
 r - 5 scrolls of butterflies
 s - 11 scrolls of vulnerability
 v - 30 scrolls of identify
 w - 8 scrolls of poison
 x - 20 scrolls of teleportation
 B - 7 scrolls of fear
 L - 8 scrolls of enchant weapon
 T - 7 scrolls of brand weapon
 U - 5 scrolls of fog
Potions
 c - 4 potions of magic
 h - 22 potions of curing
 i - 6 potions of heal wounds
 j - 9 potions of haste
 o - 10 potions of berserk rage
 p - 7 potions of cancellation
 u - 13 potions of lignification
 A - 2 potions of resistance
 C - 6 potions of attraction
 G - a potion of ambrosia
 H - 6 potions of might
 J - 4 potions of invisibility
 M - 11 potions of brilliance


   Skills:
 + Level 23.3 Fighting
 - Level 2.0 Maces & Flails
 * Level 25.6 Polearms
 + Level 22.2 Armour
 + Level 17.4 Dodging
 - Level 5.7 Stealth
 + Level 20.8 Shields
 + Level 20.0 Invocations


You had 26 spell levels left.
You didn't know any spells.
Your spell library contained the following spells:

 Spells                   Type           Power      Damage    Failure   Level
 Apportation              Tloc           0%         N/A       73%         1
 Beastly Appendage        Tmut           0%         N/A       73%         1
 Foxfire                  Conj/Fire      0%         2x1d4     73%         1
 Freeze                   Ice            0%         1d3       73%         1
 Kiss of Death            Conj/Necr      0%         2d5       73%         1
 Magic Dart               Conj           0%         1d3       73%         1
 Necrotise                Necr           0%         1d4       73%         1
 Sandblast                Erth           0%         2d4       73%         1
 Slow                     Hex            0%         N/A       73%         1
 Summon Small Mammal      Summ           0%         N/A       73%         1
 Blink                    Tloc           0%         N/A       86%         2
 Ensorcelled Hibernation  Hex/Ice        0%         N/A       86%         2
 Lesser Beckoning         Tloc           0%         N/A       86%         2
 Passwall                 Tmut/Erth      0%         N/A       86%         2
 Searing Ray              Conj           0%         2d4       86%         2
 Static Discharge         Conj/Air       0%         2-2/arc   86%         2
 Wereblood                Tmut           0%         N/A       86%         2
 Call Canine Familiar     Summ           0%         N/A       97%         3
 Confusing Touch          Hex            0%         N/A       97%         3
 Dazzling Flash           Conj/Hex       0%         N/A       97%         3
 Frozen Ramparts          Ice            0%         1d1       97%         3
 Gell's Gravitas          Tloc           0%         N/A       97%         3
 Hailstorm                Conj/Ice       0%         3d3       97%         3
 Ignite Poison            Fire/Tmut/Pois 0%         N/A       97%         3
 Inner Flame              Hex/Fire       0%         N/A       97%         3
 Portal Projectile        Hex/Tloc       0%         N/A       97%         3
 Spider Form              Tmut/Pois      0%         N/A       97%         3
 Stone Arrow              Conj/Erth      0%         3d7       97%         3
 Summon Guardian Golem    Hex/Summ       0%         N/A       97%         3
 Swiftness                Air            0%         N/A       97%         3
 Teleport Other           Tloc           0%         N/A       97%         3
 Vhi's Electric Charge    Tloc/Air       0%         N/A       97%         3
 Airstrike                Air            0%         2d(0-16)  100%        4
 Anguish                  Hex/Necr       0%         N/A       100%        4
 Animate Armour           Summ/Erth      0%         N/A       100%        4
 Animate Dead             Necr           0%         N/A       100%        4
 Cause Fear               Hex            0%         N/A       100%        4
 Dispel Undead            Necr           0%         3d6       100%        4
 Flame Wave               Conj/Fire      0%         2d4       100%        4
 Fulminant Prism          Conj/Hex       0%         3d5       100%        4
 Ice Form                 Ice/Tmut       0%         N/A       100%        4
 Leda's Liquefaction      Hex/Erth       0%         N/A       100%        4
 Manifold Assault         Tloc           0%         N/A       100%        4
 Olgreb's Toxic Radiance  Pois           0%         N/A       100%        4
 Petrify                  Tmut/Erth      0%         N/A       100%        4
 Sticky Flame             Conj/Fire      0%         2d3       100%        4
 Summon Ice Beast         Ice/Summ       0%         N/A       100%        4
 Summon Lightning Spire   Summ/Air       0%         N/A       100%        4
 Agony                    Necr           0%         N/A       100%        5
 Arcjolt                  Conj/Air       0%         1d10      100%        5
 Fireball                 Conj/Fire      0%         3d3       100%        5
 Freezing Cloud           Conj/Ice/Air   0%         6-21      100%        5
 Irradiate                Conj/Tmut      0%         3d11      100%        5
 Silence                  Hex/Air        0%         N/A       100%        5
 Summon Forest            Summ/Tloc      0%         N/A       100%        5
 Summon Mana Viper        Hex/Summ       0%         N/A       100%        5
 Yara's Violent Unravell  Hex/Tmut       0%         3d3       100%        5
 Dispersal                Tloc           0%         N/A       100%        6
 Plasma Beam              Fire/Air       0%         2x1d11    100%        6
 Simulacrum               Ice/Necr       0%         N/A       100%        6
 Starburst                Conj/Fire      0%         6d3       100%        6
 Summon Cactus Giant      Summ           0%         N/A       100%        6
 Enfeeble                 Hex            0%         N/A       100%        7
 Haunt                    Necr/Summ      0%         N/A       100%        7
 Ozocubu's Refrigeration  Ice            0%         4d7       100%        7
 Discord                  Hex            0%         N/A       100%        8
 Disjunction              Tloc           0%         N/A       100%        8
 Ignition                 Fire           0%         3d3       100%        8
 Infestation              Necr           0%         N/A       100%        8
 Lehudib's Crystal Spear  Conj/Erth      0%         10d2      100%        8
 Maxwell's Capacitive Co  Air            0%         ∞         100%        8
 Cigotuvi's Dreadful Rot  Necr/Pois/Air  Unusable   N/A       N/A         2
 Sublimation of Blood     Necr           Unusable   N/A       N/A         2

Dungeon Overview and Level Annotations

Branches:
Dungeon (15/15)            Temple (1/1) D:7            Lair (5/5) D:8
  Swamp (4/4) Lair:3        Snake (4/4) Lair:3        Slime (5/5) Lair:4
    Orc (2/2) D:9             Elf (3/3) Orc:2        Vaults (5/5) D:13
  Crypt (3/3) Vaults:3       Tomb (0/3) Crypt:3      Depths (4/4) D:15
   Hell (visited)             Dis (6/7) Hell            Geh (0/7) Hell
    Coc (7/7) Hell            Tar (0/7) Hell            Zot (0/5) Depths:4
  IceCv (visited)

Altars:
Ashenzari
Cheibriados
Dithmenos
Fedhas
Gozag
Hepliaklqana
Kikubaaqudgha
Makhleb
Nemelex Xobeh
Okawaru
Qazlal
Ru
Sif Muna
Trog
Uskayaw
Vehumet
Wu Jian
Xom
Yredelemnul
Zin
The Shining One
Lugonu

Shops:
D:5 :   D:9 ::*   D:14 [   Orc:2 [=?=?   Elf:2 (:!(*   Snake:3 ?*   Vaults:1 *
Vaults:4 =   Vaults:5 *[   Depths:2 *   Depths:4 (

Portals:
Hell: Depths:1 Depths:2 Depths:3
Abyss: Lair:5 Snake:4 Depths:2 Depths:3
Pandemonium: Depths:2 Depths:4
Ziggurat: Depths:1
Trove: Depths:2 (give 5 scrolls of blinking)

Annotations:
Crypt:2 2 transporters


Innate Abilities, Weirdness & Mutations

You are immune to sickness and miasma.
Your stone body is resilient. (AC +20)
You are immune to poison.
Your large and strong wings let you fly.
You resist negative energy. (rN+)
You are resistant to electric shocks. (rElec)
You are resistant to unholy torment.
You are immune to petrification.
You have a pair of small horns on your head.
You are agile. (Dex +4, Str/Int -1)
Your flesh is cold resistant. (rC+)
You occasionally lose the ability to read scrolls when taking damage.


Message History

The Ice Fiend gestures at you. The bolt of cold misses you.
Water spirits pour forth from the elemental wellspring!
A torrent of water rises up through the elemental wellspring!
Your +8 tower shield of reflection blocks the torrent of water... and reflects it back!
The torrent of water hits the elemental wellspring!
The wave splashes down.
You block the water elemental's attack. x2
The water elemental closely misses you.
You hear a screech!
There is an open door here.
You closely miss the elemental wellspring.
You headbutt the elemental wellspring, but do no damage.
The elemental wellspring is moderately damaged.
A torrent of water rises up through the elemental wellspring!
The torrent of water passes through the water elemental.
The torrent of water hits you!!
* * * LOW HITPOINT WARNING * * *
You are knocked back by the torrent of water.
You slam into the ice-covered stone wall!
* * * LOW HITPOINT WARNING * * *
The wave splashes down.
Water spirits pour forth from the elemental wellspring!
The elemental wellspring's watery aura covers the open door.
You block the water elemental's attack.
You hear a screech! x2; You hear a howl!
You hear a screech!
You cannot read scrolls in your current state!
It's too cold; everything's frozen solid!
Your divine shield is renewed.
The water elemental disappears in a puff of smoke!
You block the water elemental's attack.
The water elemental is engulfed in freezing vapours.
You block the water elemental's attack.
A torrent of water rises up through the elemental wellspring!
The torrent of water passes through the water elemental. x3
The torrent of water hits you.
* * * LOW HITPOINT WARNING * * *
You are knocked back by the torrent of water.
You collide with the water elemental!
The water elemental is severely damaged.
You die...

≈≈≈≈≈≈≈≈≈≈≈≈≈≈≈
≈≈.R≈≈≈≈≈≈≈≈≈≈≈≈≈≈≈
≈≈≈≈≈≈≈≈≈≈E≈≈≈≈≈≈≈≈
≈≈≈≈≈≈≈..ZEZ~~~.≈≈≈
≈≈≈≈≈≈...E~~~~....≈
≈≈≈~~.. ###E###
~~~~.EZ##EE~~~##
~≈≈≈.E~#EEEE~~.#
≈≈≈≈.~E@EEE~~..+
≈≈≈≈§EE#EE~~~..#
≈≈≈≈E°~##~~~~.##
≈≈≈≈1~E ###~###
≈≈≈≈≈≈~ ~~~.
≈≈≈≈≈≈≈ .~~~..
≈≈≈≈≈≈≈ ≈≈≈≈≈≈≈
≈≈≈≈≈≈≈ ≈≈≈≈≈≈≈≈


You could see an Ice Fiend, a wendigo, 5 elemental wellsprings, 14 water
elementals and a caustic shrike simulacrum.

Vanquished Creatures
  the Royal Jelly (Slime:5)
  the Serpent of Hell (Coc:7)
  3 dread liches
  4 ancient liches
  A juggernaut (Depths:3)
  Bai Suzhen (Swamp:4)
  5 shard shrikes (Coc:4)
  Vv (Depths:2)
  Margery (Vaults:3)
  The ghost of Ehaeru the Pyromancer, a veteran MeCj of Gozag (Vaults:4)
  Vashnia (Snake:3)
  23 caustic shrikes
  A caustic shrike (shapeshifter) (Depths:3)
  7 golden dragons
  Jorgrun (Swamp:1)
  2 iron giants
  The ghost of Vorhees the Sorcerer, an adept DjIE of Gozag (Vaults:1)
  6 Hell Sentinels
  Rupert (D:13)
  6 tentacled monstrosities
  3 doom hounds (Hell)
  4 liches
  19 titans
  Asterion (Depths:2)
  8 Ice Fiends
  9 deep elf blademasters
  9 deep elf master archers
  The ghost of t4s4d4r the Bludgeoner, an adept HuFi of Gozag (Snake:4)
  5 sphinxes
  22 ancient champions
  17 acid blobs
  4 quicksilver dragons
  Frances (Swamp:2)
  Gastronok (Orc:1)
  5 storm dragons
  9 shadow dragons
  10 rockslimes
  3 fenstrider witches
  3 revenants
  3 tengu reavers
  An azure jelly (shapeshifter) (Vaults:5)
  3 nagarajas (Snake:4)
  12 narguns
  8 deep elf sorcerers
  A draconian knight (Depths:4)
  19 fire giants
  12 azure jellies
  22 frost giants
  Aizul (Snake:2)
  10 iron dragons
  A draconian scorcher (Depths:4)
  A balrug (Hell)
  14 vault wardens
  8 quicksilver elementals
  A curse skull (Crypt:1)
  3 spectral caustic shrikes (Crypt:3)
  Louise (Swamp:4)
  The ghost of makewrite the Pandemonic, a journeyman HOFi of Makhleb (Lair:5)
  15 shard shrike simulacra
  A caustic shrike zombie (Crypt:1)
  6 orc warlords
  A draconian stormcaller (Depths:3)
  A draconian annihilator (Depths:3)
  11 very ugly things
  9 ghouls
  32 stone giants
  14 ironbound preservers
  2 cacodemons (Hell)
  6 deep elf elementalists
  16 war gargoyles
  3 spriggan defenders
  9 deep elf demonologists
  6 ironbound thunderhulks
  8 quicksilver oozes
  5 white draconians
  3 vampire knights
  2 minotaurs (Vaults:1)
  4 black draconians
  A lorocyproca (Hell)
  18 elemental wellsprings
  3 spark wasps (Depths:3)
  12 deep elf annihilators
  3 eleionomae
  3 bunyips
  2 red draconians
  8 dire elephants
  14 eidola
  7 wendigos
  3 yellow draconians
  2 blizzard demons (Coc:4)
  A purple draconian (Crypt:3)
  Azrael (Elf:2)
  11 iron golems
  4 fire dragons
  2 green deaths (Swamp:4)
  5 ettins
  Josephine (D:10)
  3 crystal guardians (Vaults:2)
  2 merfolk impalers (Vaults:1)
  11 deep elf death magi
  4 deep elf high priests
  A mummy priest (Elf:2)
  3 hell beasts (Coc:4)
  4 jiangshi
  14 yaktaur captains
  3 entropy weavers
  A spectral fenstrider witch (Crypt:3)
  The ghost of Pyga the Thaumaturge, a journeyman DrCj of Sif Muna (Lair:3)
  A shambling mangrove (Swamp:4)
  17 ice dragons
  2 salamander tyrants (Snake:4)
  3 spectral shadow dragons
  15 great orbs of eyes
  A quicksilver dragon skeleton (Depths:1)
  14 hydras
  2 peacekeepers (Vaults:2)
  6 caustic shrike simulacra
  6 rakshasas
  3 ghost crabs
  2 ogre magi (Vaults:5)
  33 vault guards
  13 anacondas
  A catoblepas (Lair:5)
  5 juggernaut simulacra
  4 spriggan air magi
  A spectral stone giant (Crypt:3)
  3 death knights
  3 ironbound frosthearts
  A jorogumo (shapeshifter) (Depths:3)
  13 alligators
  6 centaur warriors
  A boulder beetle (D:13)
  6 deep troll earth magi
  15 death yaks
  22 naga warriors
  12 tengu warriors
  36 dancing weapons
  8 deep troll shamans
  3 two-headed ogres
  11 hell hogs (Hell)
  8 orc high priests
  7 vampire magi
  5 thrashing horrors
  20 naga sharpshooters
  A shock serpent (shapeshifter) (Depths:3)
  9 spriggan berserkers
  12 sun demons (Hell)
  7 hell knights
  Nergalle (D:11)
  6 shock serpents
  2 skysharks
  A wretched star (Snake:4)
  2 soul eaters
  A crystal echidna (Dis:3)
  3 sixfirhies (Hell)
  32 deep elf knights
  A spectral bunyip (Crypt:3)
  A spectral yaktaur (Vaults:4)
  2 goliath frogs
  5 salamander mystics
  2 titan skeletons (Hell)
  12 iron trolls
  9 shadow wraiths
  20 skeletal warriors
  6 spriggan druids
  A spectral anaconda (Crypt:3)
  A death drake (Swamp:3)
  2 shadow demons (Elf:2)
  11 flayed ghosts
  A quicksilver dragon simulacrum (Coc:3)
  4 glowing orange brains
  10 swamp dragons
  15 ironbound convokers
  5 naga ritualists
  10 bog bodies
  7 wizards
  12 phantasmal warriors
  2 tengu zombies
  42 deep trolls
  An anaconda skeleton (Crypt:3)
  An orange crystal statue (IceCv)
  8 lindwurms
  7 spriggan simulacra
  8 harpies
  28 orc knights
  28 deep elf pyromancers
  14 mana vipers
  17 deep elf archers
  64 ugly things
  A wolf spider (Vaults:5)
  9 necromancers
  3 spectral ettins (Crypt:3)
  A stone giant zombie (Crypt:2)
  5 shining eyes
  2 orc sorcerers
  32 deep elf zephyrmancers
  A salamander (shapeshifter) (D:15)
  5 will-o-the-wisps
  6 cyclopes
  10 salamanders
  2 moths of wrath (Lair:5)
  A cyclops (shapeshifter) (Vaults:5)
  14 vault sentinels
  An elephant (shapeshifter) (Vaults:2)
  17 elephants
  An iron dragon skeleton (Crypt:2)
  8 guardian serpents
  A water nymph (shapeshifter) (Vaults:5)
  Joseph (D:8)
  36 black mambas
  An eye of devastation (Slime:3)
  5 rust devils
  2 naga zombies
  A gargoyle (D:11)
  Maurice (Orc:1)
  12 cane toads
  A torpor snail (Lair:3)
  A black mamba (shapeshifter) (D:14)
  15 naga magi
  3 smoke demons
  3 storm dragon simulacra
  A cane toad (shapeshifter) (Vaults:5)
  3 titan simulacra
  2 large abominations
  3 orange demons
  A rime drake (shapeshifter) (D:15)
  5 kobold demonologists
  24 yaktaurs
  3 komodo dragons (Lair:1)
  13 hellions
  22 freezing wraiths
  A rime drake (Lair:2)
  An efreet (D:14)
  A tormentor (Dis:2)
  A redback zombie (Crypt:3)
  An orb spider zombie (Crypt:1)
  A mana viper zombie (Crypt:1)
  6 anaconda simulacra
  2 ice devils (Hell)
  2 ancient zymes (Lair:5)
  A harpy zombie (Crypt:1)
  A troll (shapeshifter) (Elf:2)
  An alligator snapping turtle skeleton (Crypt:1)
  5 golden dragon simulacra (IceCv)
  A spectral harpy (Crypt:3)
  5 polar bears
  6 trolls
  6 bloated husks
  A tyrant leech (shapeshifter) (Depths:2)
  A radroach zombie (Crypt:2)
  20 blink frogs
  2 harpy skeletons (Hell)
  14 hornets
  2 iron dragon simulacra
  Grinder (D:3)
  Prince Ribbit (D:9)
  9 tyrant leeches
  14 dream sheep
  A guardian serpent zombie (Crypt:1)
  11 flying skulls (Crypt:2)
  A spectral black mamba (Crypt:3)
  A death drake skeleton (Crypt:1)
  A jumping spider (shapeshifter) (Vaults:5)
  4 air elementals
  A great orb of eyes zombie (Crypt:2)
  129 slime creatures
  2 stone giant simulacra
  5 wyverns
  A culicivora (Vaults:1)
  4 shadows
  A naga simulacrum (Coc:3)
  9 wraiths
  24 yaks
  2 centaur simulacra (Coc:2)
  7 dire elephant simulacra
  8 humans (D:13)
  A vampire (D:14)
  A hog (shapeshifter) (Elf:1)
  22 spriggans
  15 basilisks
  4 redbacks
  A minotaur simulacrum (Crypt:3)
  A steam dragon (D:8)
  An alligator snapping turtle simulacrum (Coc:1)
  9 fire elementals
  Eustachio (D:4)
  5 chaos spawn (Lair:5)
  Edmund (D:4)
  18 vampire mosquitoes
  Menkaure (D:4)
  16 harpy simulacra
  41 nagas
  5 wargs
  14 swamp worms
  2 hydra simulacra
  17 water moccasins
  3 acid dragons
  A floating eye (Depths:1)
  A glowing shapeshifter skeleton (Depths:1)
  9 hell hounds
  Duvessa (D:5)
  An ice beast (D:7)
  4 swamp drakes
  A sky beast (D:6)
  41 orc warriors
  An elephant zombie (Crypt:3)
  A cane toad skeleton (Crypt:1)
  An ogre (shapeshifter) (Vaults:5)
  6 ettin simulacra
  11 ice dragon simulacra (IceCv)
  10 boggarts
  A merfolk simulacrum (Coc:1)
  4 ogres
  7 wolves
  12 centaurs
  A swamp dragon skeleton (Crypt:1)
  A hog skeleton (Crypt:3)
  A snapping turtle skeleton (Crypt:1)
  2 phantoms
  A rime drake skeleton (Crypt:3)
  3 kobold brigands
  15 bullfrogs
  A komodo dragon zombie (Crypt:1)
  Blork the orc (D:4)
  4 scorpions
  4 earth elementals
  5 necrophages
  2 gnoll sergeants
  Dowan (D:5)
  17 wights
  A yak zombie (Crypt:3)
  4 killer bees (D:7)
  3 lindwurm simulacra (IceCv)
  A spriggan skeleton (Crypt:2)
  A wolf zombie (Crypt:2)
  3 electric eels
  A lava snake (D:7)
  25 orc priests
  A black bear zombie (Crypt:1)
  3 hounds
  A jelly (Lair:4)
  3 gnoll boudas
  Crazy Yiuf (D:2)
  A centaur skeleton (Crypt:2)
  5 iguanas
  3 hell rats (Hell)
  Natasha (thrice) (D:2)
  19 orc wizards
  11 small abominations (Lair:5)
  An acid dragon zombie (Crypt:1)
  Robin (D:3)
  26 gnolls
  5 adders
  A shadow imp (D:8)
  An ufetubus (D:6)
  2 worms (D:5)
  2 dart slugs
  98 orcs
  11 ball pythons
  6 bats
  8 endoplasms
  3 giant cockroaches
  12 goblins
  9 hobgoblins
  6 jackals
  29 kobolds
  2 quokkas
  A ball python skeleton (Crypt:2)
  3 frilled lizards
  2 rats
  A river rat skeleton (Crypt:3)
  2 fire vortices (Hell)
  3 spectral weapons (Depths:2)
2643 creatures vanquished.

Vanquished Creatures (collateral kills)
  Geryon (Hell)
  A balrug (Hell)
  3 reapers (Hell)
  A fenstrider witch zombie (Hell)
  3 hell hogs (Hell)
  9 sun demons (Hell)
  2 soul eaters (Hell)
  A necromancer (Hell)
  A rust devil (Hell)
  2 hellions (Hell)
  2 harpy zombies (Hell)
  A harpy skeleton (Hell)
  A harpy simulacrum (Coc:5)
  6 hell hounds (Hell)
  3 hell rats (Hell)
37 creatures vanquished.

Vanquished Creatures (others)
  A deep elf sorcerer (Elf:3)
  2 shard shrike simulacra (Coc:6)
  A frost giant (Coc:5)
  A war gargoyle (Vaults:5)
  A stone giant (Depths:3)
  3 elemental wellsprings
  A wendigo (Coc:5)
  A green death (Hell)
  A juggernaut simulacrum (Coc:3)
  A quicksilver dragon simulacrum (Coc:6)
  2 spriggan simulacra
  2 deep elf zephyrmancers
  A titan simulacrum (Coc:6)
  A tormentor (Coc:5)
  An iron giant simulacrum (Coc:7)
  An anaconda simulacrum (Coc:4)
  A bloated husk (Swamp:4)
  A human (D:13)
  2 harpy simulacra
  A hydra simulacrum (Coc:5)
  A hell hound (Elf:2)
  3 naga simulacra
  A hell rat (Hell)
  20 foxfires
  34 fungi
  54 plants
  11 spectral weapons
150 creatures vanquished.

Grand Total: 2830 creatures vanquished

Notes
Turn   | Place    | Note
-------+----------+-------------------------------------------
     0 | D:1      | vineage the Gargoyle Fighter began the quest for the Orb.
     0 | D:1      | Reached XP level 1. HP: 14/14 MP: 1/1
   182 | D:1      | Reached XP level 2. HP: 20/20 MP: 2/2
   605 | D:1      | Reached XP level 3. HP: 24/24 MP: 3/3
  1020 | D:2      | Reached skill level 5 in Fighting
  1114 | D:2      | Reached XP level 4. HP: 24/31 MP: 4/4
  1177 | D:2      | Found a faded altar of an unknown god.
  1287 | D:2      | Identified the +9 hand axe of Aleh {flame, Fragile rElec
                  | rF+}
  1388 | D:2      | Noticed Natasha
  1394 | D:2      | Killed Natasha
  1658 | D:2      | Noticed Natasha
  1669 | D:2      | Killed Natasha
  1670 | D:2      | Reached XP level 5. HP: 31/36 MP: 5/5
  1867 | D:2      | Noticed Natasha
  1873 | D:2      | Killed Natasha
  2062 | D:2      | Found a runed translucent door.
  2063 | D:2      | Noticed Crazy Yiuf
  2170 | D:2      | Killed Crazy Yiuf
  2176 | D:2      | Identified a scroll of acquirement
  2176 | D:2      | Acquired the +3 Mad Mage's Maulers {Infuse+∞ VampMP -Cast}
  2176 | D:2      | Found the +3 Mad Mage's Maulers {Infuse+∞ VampMP -Cast}
  2248 | D:3      | Found a sacrificial altar of Ru.
  2259 | D:3      | Noticed Robin
  2270 | D:3      | Reached XP level 6. HP: 33/44 MP: 0/6
  2326 | D:3      | Killed Robin
  2402 | D:3      | Found a broken altar of Ashenzari.
  2864 | D:3      | Found a hazy altar of Hepliaklqana.
  2874 | D:3      | Noticed Grinder
  2885 | D:3      | Paralysed by Grinder for 5 turns
  2895 | D:3      | Killed Grinder
  2896 | D:3      | Reached XP level 7. HP: 19/50 MP: 1/7
  3697 | D:3      | Found an iron altar of Okawaru.
  3697 | D:3      | Found a basalt altar of Yredelemnul.
  4036 | D:3      | Found an ornate altar of the Wu Jian Council.
  4079 | D:3      | Became a worshipper of Warmaster Okawaru
  4217 | D:4      | Reached skill level 1 in Polearms
  4220 | D:4      | Noticed Blork the orc
  4224 | D:4      | Killed Blork the orc
  4614 | D:4      | Noticed Edmund
  4618 | D:4      | Killed Edmund
  4618 | D:4      | Reached * piety under Okawaru
  4619 | D:4      | Reached skill level 2 in Polearms
  4619 | D:4      | Reached skill level 1 in Dodging
  4619 | D:4      | Reached XP level 8. HP: 52/56 MP: 2/8
  5183 | D:4      | Noticed Eustachio
  5196 | D:4      | Killed Eustachio
  5465 | D:4      | Identified the +0 rapier "Wuxohafa" {freeze, rC+++ Will+++
                  | Str-3 Stlth-}
  5481 | D:4      | Identified the +11 short sword "Ameaqous" {freeze, SInv}
  5506 | D:4      | Noticed Menkaure
  5510 | D:4      | Killed Menkaure
  5511 | D:4      | Reached skill level 3 in Polearms
  5790 | D:5      | Entered Level 5 of the Dungeon
  5990 | D:5      | Found Cydumef's Book Shoppe.
  6008 | D:5      | Reached ** piety under Okawaru
  6135 | D:5      | Reached skill level 4 in Polearms
  6215 | D:5      | Noticed Dowan
  6222 | D:5      | Killed Dowan
  6223 | D:5      | Reached skill level 5 in Armour
  6371 | D:5      | Reached XP level 9. HP: 62/62 MP: 2/9
  6632 | D:5      | Found a stormy altar of Qazlal.
  6680 | D:5      | Noticed Duvessa
  6687 | D:5      | Killed Duvessa
  7400 | D:6      | Reached skill level 5 in Polearms
  7536 | D:6      | Reached skill level 10 in Fighting
  7931 | D:7      | Found a shadowy altar of Dithmenos.
  8312 | D:7      | Reached skill level 1 in Invocations
  8645 | D:7      | Found a staircase to the Ecumenical Temple.
  8646 | D:7      | Reached *** piety under Okawaru
  9056 | D:7      | Reached skill level 6 in Polearms
  9501 | D:7      | Acquired 636 gold pieces
  9600 | D:8      | Reached XP level 10. HP: 68/68 MP: 0/11
  9846 | D:8      | Found a staircase to the Lair.
  9846 | D:8      | Noticed a death yak
  9847 | D:8      | Noticed a death yak
  9847 | D:8      | Noticed a death yak
  9862 | D:8      | Killed a death yak
  9871 | D:8      | Killed a death yak
  9871 | D:8      | Reached **** piety under Okawaru
  9872 | D:8      | Reached skill level 7 in Polearms
  9880 | D:8      | Killed a death yak
  9880 | D:8      | Received a gift from Okawaru
 10010 | D:8      | Noticed Joseph
 10024 | D:8      | Killed Joseph
 10433 | D:8      | Reached ***** piety under Okawaru
 10434 | D:8      | Reached XP level 11. HP: 58/74 MP: 3/14
 10556 | D:8      | Reached skill level 8 in Polearms
 10572 | D:8      | Reached skill level 5 in Dodging
 10761 | D:8      | Identified the +4 trident of Fennume {vamp, rElec}
 10944 | D:8      | Noticed a two-headed ogre
 10948 | D:8      | Killed a two-headed ogre
 11078 | D:9      | Found Lack's Book Emporium.
 11371 | D:9      | Found Uliozaoff's Book Boutique.
 11923 | D:9      | Found a staircase to the Orcish Mines.
 11929 | D:9      | Reached skill level 5 in Invocations
 12056 | D:9      | Found Ligoym's Mayhem Merchandise.
 12066 | D:9      | Noticed a sun demon
 12201 | D:9      | Noticed Prince Ribbit
 12204 | D:9      | Killed Prince Ribbit
 12998 | D:10     | Entered Level 10 of the Dungeon
 13355 | D:10     | Noticed Josephine
 13369 | D:10     | Killed Josephine
 13455 | D:10     | Reached skill level 9 in Polearms
 13756 | D:10     | Received a gift from Okawaru
 14056 | D:10     | Found a sparkling altar of Nemelex Xobeh.
 14447 | D:11     | Noticed a two-headed ogre
 14984 | D:11     | Killed a two-headed ogre
 15150 | D:11     | Noticed Nergalle
 15166 | D:11     | Killed Nergalle
 15279 | D:11     | Reached XP level 12. HP: 79/81 MP: 5/16
 15408 | D:11     | Noticed a centaur warrior
 15417 | D:11     | Killed a centaur warrior
 16139 | Lair:1   | Entered Level 1 of the Lair of Beasts
 16392 | Lair:1   | Received a gift from Okawaru
 16411 | Lair:1   | Reached skill level 10 in Polearms
 16414 | Lair:1   | Identified the +9 dagger of Sulphur {flame, Dex+3}
 18580 | Lair:2   | Identified the +5 broad axe "Kyhoraka" {pain, Fragile rC-
                  | rCorr Int+9} (Okawaru gifted it to you on level 2 of the
                  | Lair of Beasts)
 18580 | Lair:2   | Received a gift from Okawaru
 19207 | Lair:2   | Acquired 730 gold pieces
 19230 | Lair:3   | Found a transporter.
 19232 | Lair:3   | Found a staircase to the Swamp.
 19233 | Lair:3   | Noticed a skyshark
 19234 | Lair:3   | Noticed a death yak
 19238 | Lair:3   | Noticed Pyga's ghost (journeyman DrCj)
 19244 | Lair:3   | Killed a skyshark
 19247 | Lair:3   | Found a transporter.
 19354 | Lair:3   | Noticed a death yak
 19357 | Lair:3   | Noticed a death yak
 19358 | Lair:3   | Killed a death yak
 19366 | Lair:3   | Killed a death yak
 19586 | Lair:3   | Reached skill level 11 in Polearms
 19720 | Lair:3   | Reached XP level 13. HP: 87/87 MP: 3/18
 20052 | Lair:3   | Reached skill level 10 in Armour
 20407 | Lair:3   | Found a staircase to the Snake Pit.
 20875 | Lair:3   | Reached skill level 5 in Shields
 20878 | Lair:3   | Received a gift from Okawaru
 20895 | Lair:3   | Killed Pyga's ghost
 21362 | Lair:4   | Received a gift from Okawaru
 21534 | Lair:4   | Found a staircase to the Slime Pits.
 21710 | Lair:4   | Identified the +1 ring mail "Deanem" {rPois rF+} (Okawaru
                  | gifted it to you on level 4 of the Lair of Beasts)
 21710 | Lair:4   | Received a gift from Okawaru
 21907 | Lair:4   | Reached skill level 12 in Polearms
 22530 | Lair:4   | Identified the +0 chain mail "Uguuwinn" {Dex+3}
 23535 | Lair:4   | Gained mutation: You are somewhat resistant to further
                  | mutation. [potion of mutation]
 23552 | Lair:5   | Entered Level 5 of the Lair of Beasts
 23608 | Lair:5   | Gained mutation: Your large and strong wings let you fly.
                  | [Gargoyle growth]
 23608 | Lair:5   | Reached XP level 14. HP: 63/94 MP: 1/19
 24636 | Lair:5   | Reached ****** piety under Okawaru
 24818 | Lair:5   | Received a gift from Okawaru
 24842 | Lair:5   | Reached skill level 13 in Polearms
 25817 | Lair:5   | Found a corrupted altar of Lugonu.
 25817 | Lair:5   | Found a one-way gate to the infinite horrors of the Abyss.
 26134 | Lair:5   | Received a gift from Okawaru
 27058 | Lair:5   | Found a transporter.
 27066 | Lair:5   | Noticed makewrite's ghost (journeyman HOFi)
 27069 | Lair:5   | Found a transporter.
 27083 | Lair:5   | Found a bloodstained altar of Trog.
 27167 | Lair:5   | HP: 2/96 [spriggan rider/+2 trident of flaming (5)]
 27588 | Lair:5   | Killed makewrite's ghost
 27604 | Lair:5   | Reached XP level 15. HP: 58/100 MP: 0/20
 27755 | Lair:5   | Acquired 751 gold pieces
 27932 | Orc:1    | Entered Level 1 of the Orcish Mines
 27932 | Orc:1    | Noticed Gastronok
 27971 | Orc:1    | Gained mutation: Your magical capacity is low. (-10% MP) [a
                  | neqoxec]
 28189 | Orc:2    | Entered Level 2 of the Orcish Mines
 28189 | Orc:2    | Found Somm's Armour Boutique.
 28584 | Orc:2    | Found a staircase to the Elven Halls.
 29600 | Orc:2    | Received a gift from Okawaru
 29688 | Orc:2    | Reached skill level 14 in Polearms
 30255 | Orc:2    | Found Eppor's Jewellery Boutique.
 30258 | Orc:2    | Found Daebyat's Jewellery Boutique.
 30259 | Orc:2    | Found Qydim's Magic Scroll Boutique.
 30260 | Orc:2    | Found Kacuol Qiv's Magic Scroll Shop.
 30263 | Orc:2    | Bought a scroll of magic mapping for 97 gold pieces
 30263 | Orc:2    | Bought a scroll of magic mapping for 97 gold pieces
 30264 | Orc:2    | Bought the ring of the Queen {rPois Str+6 Int+4} for 611
                  | gold pieces
 30268 | Orc:2    | Bought a scroll of enchant armour for 97 gold pieces
 30268 | Orc:2    | Bought a scroll of magic mapping for 97 gold pieces
 30268 | Orc:2    | Bought a scroll of teleportation for 39 gold pieces
 30365 | Orc:1    | Killed Gastronok
 30365 | Orc:1    | Received a gift from Okawaru
 30372 | Orc:1    | Noticed Maurice
 30387 | Orc:1    | Killed Maurice
 30987 | D:12     | Found a glowing golden altar of the Shining One.
 32986 | D:13     | Found a gate to the Vaults.
 33264 | D:13     | Noticed Rupert
 33264 | D:13     | Paralysed by Rupert for 5 turns
 33279 | D:13     | Killed Rupert
 33662 | D:13     | Reached skill level 15 in Fighting
 34253 | D:14     | Found Cheibriados's Comfort Zone.
 34256 | D:14     | Found a snail-covered altar of Cheibriados.
 34489 | D:14     | Reached XP level 16. HP: 108/108 MP: 2/19
 34722 | D:14     | Reached skill level 10 in Shields
 35616 | D:15     | Entered Level 15 of the Dungeon
 35943 | D:15     | Received a gift from Okawaru
 35944 | D:15     | Reached skill level 15 in Polearms
 36235 | D:15     | Found a staircase to the Depths.
 36931 | Snake:1  | Entered Level 1 of the Snake Pit
 36947 | Snake:1  | Reached skill level 10 in Dodging
 38502 | Snake:1  | Identified the +0 kite shield of Dramatic Exits {rF+}
                  | (Okawaru gifted it to you on level 1 of the Snake Pit)
 38502 | Snake:1  | Received a gift from Okawaru
 39231 | Snake:2  | Found a frozen archway.
 39256 | IceCv    | Entered an ice cave
 39985 | IceCv    | Noticed a golden dragon
 40010 | IceCv    | Killed a golden dragon
 40155 | IceCv    | Reached XP level 17. HP: 108/115 MP: 0/20
 40279 | IceCv    | Identified the ring "Ipauqiwi" {rPois rF++}
 40408 | IceCv    | Identified the amulet "Ontu" {rF+ rC+ Will+++ Regen+ Int-2}
 40806 | Snake:2  | Noticed Aizul
 40816 | Snake:2  | Killed Aizul
 40822 | Snake:2  | Received a gift from Okawaru
 40877 | Snake:2  | Reached skill level 16 in Polearms
 41682 | Snake:2  | Received a gift from Okawaru
 42451 | Snake:3  | Identified the +5 ring mail "Xesheg" {Fly Str+3 Dex+6}
                  | (Okawaru gifted it to you on level 3 of the Snake Pit)
 42451 | Snake:3  | Received a gift from Okawaru
 43120 | Snake:3  | Found Buecania's General Store.
 43259 | Snake:3  | Found Umpurrim's Magic Scroll Shop.
 43265 | Snake:3  | Bought a scroll of teleportation for 60 gold pieces
 43265 | Snake:3  | Bought a scroll of enchant armour for 150 gold pieces
 43265 | Snake:3  | Bought a scroll of enchant armour for 150 gold pieces
 43265 | Snake:3  | Bought a scroll of teleportation for 60 gold pieces
 43725 | Snake:3  | Noticed Vashnia
 43743 | Snake:3  | Killed Vashnia
 44241 | Snake:4  | Entered Level 4 of the Snake Pit
 44822 | Snake:4  | Found a transporter.
 44825 | Snake:4  | Noticed a Hell Sentinel
 44830 | Snake:4  | Found the +2 shield of Resistance {rF++ rC++ Will++}
 45131 | Snake:4  | Found a transporter.
 45518 | Snake:4  | Noticed t4s4d4r's ghost (adept HuFi)
 45540 | Snake:4  | Identified the +0 cloak "Bafubok" {rF+} (Okawaru gifted it
                  | to you on level 4 of the Snake Pit)
 45540 | Snake:4  | Received a gift from Okawaru
 46110 | Snake:4  | Reached XP level 18. HP: 122/122 MP: 0/21
 46122 | Snake:4  | Reached skill level 17 in Polearms
 46688 | Snake:4  | Got a serpentine rune of Zot
 47231 | Snake:4  | Reached skill level 15 in Armour
 47270 | Snake:4  | Killed t4s4d4r's ghost
 47310 | Snake:4  | Killed a Hell Sentinel
 47686 | Swamp:1  | Entered Level 1 of the Swamp
 47687 | Swamp:1  | Received a gift from Okawaru
 48408 | Swamp:1  | Identified the +1 cloak of Okawaru's Hatred {Will+ Dex+3}
                  | (Okawaru gifted it to you on level 1 of the Swamp)
 48408 | Swamp:1  | Received a gift from Okawaru
 49047 | Swamp:1  | Noticed Jorgrun
 49065 | Swamp:1  | Killed Jorgrun
 49605 | Swamp:1  | You are sucked into a shaft and drop 1 floor!
 49811 | Swamp:2  | Noticed Frances
 49824 | Swamp:2  | Killed Frances
 51831 | Swamp:3  | Reached XP level 19. HP: 128/128 MP: 8/21
 51867 | Swamp:3  | Noticed a tentacled monstrosity
 51875 | Swamp:3  | Killed a tentacled monstrosity
 51876 | Swamp:3  | Reached skill level 18 in Polearms
 51883 | Swamp:3  | Identified the +5 tower shield of the Sun {*Corrode rN+
                  | SInv} (Okawaru gifted it to you on level 3 of the Swamp)
 51883 | Swamp:3  | Received a gift from Okawaru
 53598 | Swamp:3  | Identified the ring of Xom's Sleight of Hands {EV+5 Str+3}
 53798 | Swamp:4  | Entered Level 4 of the Swamp
 54745 | Swamp:4  | Noticed Louise
 54754 | Swamp:4  | Killed Louise
 55043 | Swamp:4  | Noticed Bai Suzhen
 55056 | Swamp:4  | Killed Bai Suzhen
 55833 | Swamp:4  | Noticed a tentacled monstrosity
 55841 | Swamp:4  | Killed a tentacled monstrosity
 55892 | Swamp:4  | Received a gift from Okawaru
 56023 | Swamp:4  | Got a decaying rune of Zot
 56236 | Elf:1    | Entered Level 1 of the Elven Halls
 57227 | Elf:1    | Identified the +5 halberd "Kiryir" {elec, rPois rF+ rN+}
                  | (Okawaru gifted it to you on level 1 of the Elven Halls)
 57227 | Elf:1    | Received a gift from Okawaru
 58013 | Elf:1    | Identified the staff of poison "Gadaezit" {rPois rF+}
 58043 | Elf:2    | Found Ykkepett's Assorted Antiques.
 58298 | Elf:2    | Found Tidigukh's Book Shop.
 58299 | Elf:2    | Found Pyneku's Distillery.
 58319 | Elf:2    | Bought a potion of haste for 160 gold pieces
 58319 | Elf:2    | Bought a potion of might for 64 gold pieces
 58319 | Elf:2    | Bought a potion of haste for 160 gold pieces
 58562 | Elf:2    | Reached XP level 20. HP: 136/136 MP: 2/23
 58708 | Elf:2    | Found a runed translucent gate.
 58708 | Elf:2    | Found a runed translucent gate.
 59000 | Elf:2    | Identified the +1 helmet "Gapo" {+Blink +Inv Str+5}
                  | (Okawaru gifted it to you on level 2 of the Elven Halls)
 59000 | Elf:2    | Received a gift from Okawaru
 59017 | Elf:2    | Noticed Azrael
 59030 | Elf:2    | Killed Azrael
 59305 | Elf:2    | Found a runed translucent gate.
 59796 | Elf:2    | Reached skill level 19 in Polearms
 60386 | Elf:2    | Found Rorchaluan's Weapon Shoppe.
 60570 | Elf:2    | Found a shimmering blue altar of Sif Muna.
 60570 | Elf:2    | Identified the +10 trident of Gozag's Condemnation {spect,
                  | *Rage rElec rN+++ Dex-4}
 60648 | Elf:2    | Paralysed by an air elemental for 1 turns
 60996 | Elf:2    | Found Lionn's Antique Weapon Shoppe.
 61272 | Elf:3    | Entered Level 3 of the Elven Halls
 61453 | Elf:3    | Reached skill level 5 in Stealth
 61453 | Elf:3    | Reached XP level 21. HP: 141/141 MP: 5/24
 63540 | Elf:3    | Identified the +7 long sword "Liamugai" {heavy, Fly Will+
                  | MP+9 Str-5}
 63604 | Elf:3    | Identified the +3 halberd "Grim" {flame, MP+9}
 63638 | Elf:3    | Identified the +1 pair of gloves of Philately {Will+}
                  | (Okawaru gifted it to you on level 3 of the Elven Halls)
 63638 | Elf:3    | Received a gift from Okawaru
 64078 | Elf:3    | Reached XP level 22. HP: 148/148 MP: 9/26
 64444 | Vaults:1 | Entered Level 1 of the Vaults
 64768 | Vaults:1 | Reached skill level 15 in Shields
 65255 | Vaults:1 | Identified the +0 leather armour "Ystosaga" {Will++ rCorr
                  | MP+9 Str+2}
 65256 | Vaults:1 | Found a runed translucent gate.
 65392 | Vaults:1 | Found a runed translucent gate.
 65392 | Vaults:1 | Found a runed translucent gate.
 65396 | Vaults:1 | Noticed Vorhees's ghost (adept DjIE)
 65592 | Vaults:1 | Reached skill level 10 in Invocations
 66121 | Vaults:1 | Found Uvuamaq's General Store.
 66129 | Vaults:1 | Bought a potion of curing for 48 gold pieces
 66498 | Vaults:1 | Found an iron altar of Okawaru.
 66510 | Vaults:1 | Killed Vorhees's ghost
 66510 | Vaults:1 | Identified the +0 robe "Pyapaw" {Dex+3 Slay+5} (Okawaru
                  | gifted it to you on level 1 of the Vaults)
 66510 | Vaults:1 | Received a gift from Okawaru
 66511 | Vaults:1 | Reached skill level 20 in Polearms
 66700 | Vaults:1 | Identified the +2 eveningstar of the Spider Nest {freeze,
                  | Str+3 Dex+9}
 66709 | Vaults:1 | Identified the +2 robe of Impatience {Rampage +Inv Dex-2
                  | Slay+4}
 70823 | Vaults:2 | Reached XP level 23. HP: 155/155 MP: 6/28
 70840 | Vaults:2 | Received a gift from Okawaru
 71098 | Vaults:3 | Noticed Margery
 71140 | Vaults:3 | Killed Margery
 72213 | Vaults:3 | Found a staircase to the Crypt.
 73472 | Vaults:4 | Found Xexaytuu's Jewellery Shop.
 74172 | Vaults:4 | Found a transporter.
 74172 | Vaults:4 | Noticed Ehaeru's ghost (veteran MeCj)
 74173 | Vaults:4 | Found a transporter.
 74340 | Vaults:4 | Received a gift from Okawaru
 76093 | Vaults:4 | Reached skill level 21 in Polearms
 76106 | Vaults:4 | Killed Ehaeru's ghost
 76362 | Vaults:5 | Entered Level 5 of the Vaults
 77137 | Vaults:5 | Found Modu's Assorted Antiques.
 77459 | Vaults:5 | Noticed an ancient lich
 77477 | Vaults:5 | Killed an ancient lich
 77477 | Vaults:5 | Received a gift from Okawaru
 77478 | Vaults:5 | Reached XP level 24. HP: 162/162 MP: 1/28
 77498 | Vaults:5 | Found Reppuw's Antique Armour Shop.
 78005 | Vaults:5 | Noticed a dread lich
 78015 | Vaults:5 | Killed a dread lich
 78029 | Vaults:5 | Identified the +7 scimitar of Zalaptoo {freeze, rF+ MP+9
                  | Str-3}
 78174 | Vaults:5 | Noticed an ancient lich
 78185 | Vaults:5 | Killed an ancient lich
 78185 | Vaults:5 | Identified the +0 pair of boots of Love and Death {*Slow
                  | rPois Str+6 Stlth+} (Okawaru gifted it to you on level 5 of
                  | the Vaults)
 78185 | Vaults:5 | Received a gift from Okawaru
 79085 | Vaults:5 | Got a silver rune of Zot
 79466 | Vaults:5 | Got Icuig's Almanac of Doomed Earth
 79469 | Vaults:5 | Identified the +0 leather armour of Narcissism {-Tele rF+++
                  | Regen+ Slay-5}
 79471 | Vaults:5 | Got the Handbook of the Chilled Fairies
 79477 | Vaults:5 | Identified the +1 ring mail of the Lizard {rN+}
 79979 | Vaults:5 | Identified the staff of fire "Diebesa" {rF+ rC+ rN+}
 80082 | Vaults:5 | Acquired a manual of Invocations
 80449 | Slime:1  | Entered Level 1 of the Pits of Slime
 81061 | Slime:1  | Gained mutation: You do not regenerate when monsters are
                  | visible. [a shining eye]
 81073 | Slime:1  | Gained mutation: You are frail. (-10% HP) [a shining eye]
 82601 | Slime:4  | Reached skill level 22 in Polearms
 82873 | Slime:5  | Entered Level 5 of the Pits of Slime
 83183 | Slime:4  | Identified the +4 demon trident of Akeg {elec, Dex+2}
                  | (Okawaru gifted it to you on level 4 of the Pits of Slime)
 83183 | Slime:4  | Received a gift from Okawaru
 83470 | Slime:4  | Reached XP level 25. HP: 149/152 MP: 1/29
 83471 | Slime:5  | Gained mutation: Your magical capacity is very low. (-20%
                  | MP) [a shining eye]
 83484 | Slime:5  | Gained mutation: Armour fits poorly on your strangely
                  | shaped body. [a shining eye]
 83485 | Slime:5  | Noticed the Royal Jelly
 83725 | Slime:5  | Killed the Royal Jelly
 85155 | Slime:5  | Identified the ring of Bugyik {rF+ Will++}
 85186 | Slime:5  | Identified the +7 morningstar "Gargoyle's Doom" {venom, rF+
                  | Will+}
 85197 | Slime:5  | Identified the amulet of the Briny Deep {Acrobat rPois}
 85223 | Slime:5  | Got the Catalogue of Entrancing Refrigeration
 85250 | Slime:5  | Got a slimy rune of Zot
 86051 | Temple   | Entered the Ecumenical Temple
 86336 | D:12     | Fell from the grace of Okawaru
 86336 | D:12     | Became a worshipper of the Shining One
 86909 | Crypt:1  | Entered Level 1 of the Crypt
 86971 | Crypt:1  | Reached * piety under the Shining One
 87293 | Crypt:1  | Reached ** piety under the Shining One
 87948 | Crypt:1  | Reached *** piety under the Shining One
 88353 | Crypt:2  | Found a transporter.
 88855 | Crypt:2  | Reached skill level 15 in Dodging
 88864 | Crypt:2  | Reached **** piety under the Shining One
 89592 | Crypt:2  | Reached ***** piety under the Shining One
 89882 | Crypt:2  | Found a transporter.
 90090 | Crypt:3  | Entered Level 3 of the Crypt
 90671 | Crypt:3  | Found a staircase to the Tomb.
 90786 | Crypt:3  | Reached ****** piety under the Shining One
 90900 | Crypt:3  | Reached skill level 15 in Invocations
 90938 | Crypt:3  | Identified a +9 trishula of holy wrath (a +9 demon trident
                  | of electrocution blessed by the Shining One)
 90938 | Crypt:3  | Received a gift from the Shining One
 92652 | Crypt:3  | Identified the +7 war axe "Ebrioxuc" {heavy, Str+3}
 93547 | Crypt:3  | Found the dreamshard necklace {*Dream Drain}
 93556 | Crypt:3  | Identified the ring "Sevogod" {Will+ Int+6}
 93559 | Crypt:3  | Identified the ring "Izath" {rN+ Will+++ Str-3 Int+4
                  | Slay-4}
 93559 | Crypt:3  | Identified the ring "Yxituse" {rC+ rN+ Dex+3}
 93578 | Crypt:3  | Got Peuher's Guide on the Crevasse and Transposition
 94025 | D:14     | Lost mutation: You are somewhat resistant to further
                  | mutation. [potion of mutation]
 94025 | D:14     | Lost mutation: Armour fits poorly on your strangely shaped
                  | body. [potion of mutation]
 94025 | D:14     | Lost mutation: You do not regenerate when monsters are
                  | visible. [potion of mutation]
 94025 | D:14     | Gained mutation: You are dopey. (Int -2) [potion of
                  | mutation]
 94025 | D:14     | Gained mutation: Your spells are a little harder to cast,
                  | but a little more powerful. [potion of mutation]
 94026 | D:14     | Lost mutation: Your magical capacity is very low. (-20% MP)
                  | [potion of mutation]
 94026 | D:14     | Lost mutation: Your spells are a little harder to cast, but
                  | a little more powerful. [potion of mutation]
 94026 | D:14     | Gained mutation: Your body sometimes deteriorates upon
                  | taking damage. [potion of mutation]
 94026 | D:14     | Gained mutation: Your magical capacity is very low. (-20%
                  | MP) [potion of mutation]
 94026 | D:14     | Gained mutation: You are vulnerable to cold. (rC-) [potion
                  | of mutation]
 94027 | D:14     | Lost mutation: You are frail. (-10% HP) [potion of
                  | mutation]
 94027 | D:14     | Lost mutation: Your body sometimes deteriorates upon taking
                  | damage. [potion of mutation]
 94027 | D:14     | Lost mutation: You are dopey. (Int -2) [potion of mutation]
 94027 | D:14     | Gained mutation: You have a pair of small antennae on your
                  | head. [potion of mutation]
 94027 | D:14     | Gained mutation: You are somewhat resistant to further
                  | mutation. [potion of mutation]
 94027 | D:14     | Gained mutation: You have large cloven feet. [potion of
                  | mutation]
 94028 | D:14     | Lost mutation: You have large cloven feet. [potion of
                  | mutation]
 94028 | D:14     | Lost mutation: You are vulnerable to cold. (rC-) [potion of
                  | mutation]
 94028 | D:14     | Gained mutation: Your movements are slightly less
                  | encumbered by armour. (ER -2) [potion of mutation]
 94451 | Depths:1 | Entered Level 1 of the Depths
 94713 | Depths:1 | Paralysed by a floating eye for 2 turns
 94721 | Depths:1 | Paralysed by a floating eye for 3 turns
 94729 | Depths:1 | Paralysed by a floating eye for 3 turns
 95000 | Depths:1 | Reached XP level 26. HP: 144/177 MP: 3/27
 95473 | Depths:1 | Found the necklace of Bloodlust {Fury *Rage Will++ Int-3
                  | Slay+6}
 95628 | Depths:1 | Lost mutation: You are somewhat resistant to further
                  | mutation. [potion of mutation]
 95628 | Depths:1 | Lost mutation: You have a pair of small antennae on your
                  | head. [potion of mutation]
 95628 | Depths:1 | Lost mutation: Your magical capacity is very low. (-20% MP)
                  | [potion of mutation]
 95628 | Depths:1 | Gained mutation: You have hidden genetic defects. [potion
                  | of mutation]
 95628 | Depths:1 | Gained mutation: You have terrible hidden genetic defects.
                  | [potion of mutation]
 95628 | Depths:1 | Gained mutation: You are agile. (Dex +4, Str/Int -1)
                  | [potion of mutation]
 95832 | Depths:1 | Reached skill level 23 in Polearms
 96033 | Depths:1 | Found a one-way gateway to a ziggurat.
 96256 | Depths:1 | Found a gateway to Hell.
 96770 | Depths:1 | Found a sacrificial altar of Ru.
 97135 | Depths:1 | Lost mutation: You have terrible hidden genetic defects.
                  | [potion of mutation]
 97135 | Depths:1 | Lost mutation: Your magical capacity is low. (-10% MP)
                  | [potion of mutation]
 97135 | Depths:1 | Gained mutation: You are partially covered in iridescent
                  | scales. (AC +2) [potion of mutation]
 97135 | Depths:1 | Gained mutation: You are mostly covered in iridescent
                  | scales. (AC +4) [potion of mutation]
 97203 | Depths:2 | Identified the +3 kite shield "Surhaut" {-Cast Str+3 SInv}
 97203 | Depths:2 | Noticed Asterion
 97225 | Depths:2 | Killed Asterion
 97289 | Depths:2 | Found Birim's Overcharged Wands.
 97569 | Depths:2 | Found a portal to a secret trove of treasure.
 97842 | Depths:2 | Gained mutation: You occasionally shout uncontrollably at
                  | your foes. [hidden defects]
 98145 | Depths:2 | Noticed Vv
 98176 | Depths:2 | Killed Vv
 98329 | Depths:2 | Found a one-way gate leading to the halls of Pandemonium.
 98598 | Depths:2 | Found a runed translucent door.
 98598 | Depths:2 | Noticed an ancient lich
 98772 | Depths:2 | Identified the +6 quarterstaff "Iseityx" {speed, +Blink rF+
                  | rC+}
 98813 | Depths:2 | Found a runed translucent door.
 98814 | Depths:2 | Noticed a dread lich
 98988 | Depths:2 | Killed an ancient lich
 99147 | Depths:2 | Killed a dread lich
 99523 | Depths:3 | Gained mutation: You occasionally lose the ability to read
                  | scrolls when taking damage. [hidden defects]
 99523 | Depths:3 | Lost mutation: You have hidden genetic defects. [hidden
                  | defects expressed]
 99534 | Depths:3 | Noticed a juggernaut
 99570 | Depths:3 | Killed a juggernaut
 99951 | Depths:3 | Reached XP level 27. HP: 182/184 MP: 2/35
100326 | Depths:3 | Identified the +1 chain mail "Ocaed" {rF+}
101117 | Depths:3 | Was forgiven by Okawaru
101682 | Depths:3 | Found a blossoming altar of Fedhas.
101687 | Depths:3 | You are sucked into a shaft and drop 1 floor!
101687 | Depths:4 | Entered Level 4 of the Depths
101945 | Depths:4 | Found Tiuc's Weapon Boutique.
102732 | Depths:4 | Found a gate to the Realm of Zot.
103034 | Depths:3 | Found a corrupted altar of Lugonu.
103333 | Hell     | Entered the Vestibule of Hell
103333 | Hell     | Noticed Geryon
103346 | Hell     | Reached skill level 24 in Polearms
103365 | Hell     | Killed Geryon
103787 | Hell     | Found a gateway to the decaying netherworld of Tartarus.
103830 | Hell     | Found a gateway to the freezing wastes of Cocytus.
103876 | Hell     | Found a gateway to the Iron City of Dis.
104078 | Hell     | Found a gateway to the ashen valley of Gehenna.
104155 | Dis:1    | Entered Level 1 of the Iron City of Dis
104156 | Dis:1    | Lost mutation: Your movements are slightly less encumbered
                  | by armour. (ER -2) [potion of mutation]
104156 | Dis:1    | Lost mutation: You are mostly covered in iridescent scales.
                  | (AC +4) [potion of mutation]
104156 | Dis:1    | Lost mutation: You are agile. (Dex +4, Str/Int -1) [potion
                  | of mutation]
104156 | Dis:1    | Gained mutation: You are agile. (Dex +4, Str/Int -1)
                  | [potion of mutation]
104156 | Dis:1    | Gained mutation: Your spells are a little harder to cast,
                  | but a little more powerful. [potion of mutation]
104156 | Dis:1    | Gained mutation: Your muscles are strong. (Str +4, Int/Dex
                  | -1) [potion of mutation]
104157 | Dis:1    | Lost mutation: You occasionally shout uncontrollably at
                  | your foes. [potion of mutation]
104157 | Dis:1    | Lost mutation: Your muscles are strong. (Str +4, Int/Dex
                  | -1) [potion of mutation]
104157 | Dis:1    | Lost mutation: You are partially covered in iridescent
                  | scales. (AC +2) [potion of mutation]
104157 | Dis:1    | Gained mutation: You have a pair of small horns on your
                  | head. [potion of mutation]
104157 | Dis:1    | Lost mutation: Your spells are a little harder to cast, but
                  | a little more powerful. [potion of mutation]
104157 | Dis:1    | Gained mutation: Your flesh is cold resistant. (rC+)
                  | [potion of mutation]
104888 | Dis:2    | Noticed an ancient lich
105334 | Dis:2    | Killed an ancient lich
108501 | Dis:6    | Reached skill level 25 in Polearms
108830 | Coc:1    | Entered Level 1 of Cocytus
110069 | Coc:3    | Paralysed by a wendigo for 1 turns
110079 | Coc:3    | Paralysed by a wendigo for 1 turns
110313 | Coc:4    | Paralysed by a wendigo for 1 turns
110371 | Coc:5    | Paralysed by a wendigo for 1 turns
110446 | Coc:5    | HP: 4/188 [hellion/damnation (20)]
110822 | Coc:6    | Noticed a dread lich
111056 | Coc:6    | Killed a dread lich
111067 | Coc:6    | Paralysed by a wendigo for 1 turns
111074 | Coc:7    | Entered Level 7 of Cocytus
111199 | Coc:7    | Noticed the Serpent of Hell
111214 | Coc:7    | Killed the Serpent of Hell
111253 | Coc:7    | Paralysed by a wendigo for 1 turns
111279 | Coc:7    | Collided with a water elemental

Illustrated notes

Levels and vault maps discovered:
D:1:      roderic_crop_circles_arrival_small, layout_loops_corners,
          serial_forest, infiniplex_forest_straight_5,
          infiniplex_forest_straight_1, infiniplex_forest_clump_small,
          infiniplex_forest_straight_3, infiniplex_forest_straight_4,
          infiniplex_forest_clump_diagonal, infiniplex_forest_clump_diagonal,
          infiniplex_forest_clump_diagonal, solitary_fountain
D:2:      minmay_inner_zag, layout_loops_corners,
          ebering_ecumenical_altar_abandoned, uniq_natasha,
          uniq_crazy_yiuf_cottage
D:3:      layout_basic, mainiacjoe_overflow_brackets,
          mainiacjoe_overflow_tiny_flanked, nicolae_ashenzari_skybound,
          general_overflow_altar, nicolae_overflow_two_pavilions, uniq_grinder,
          uniq_robin
D:4:      layout_gridville, minmay_pentangle, uniq_eustachio, uniq_menkaure,
          uniq_edmund, uniq_blork_the_orc
D:5:      layout_cave_pools, nicolae_qazlal_scattered_showers, serial_shops,
          nicolae_shop_trees, uniq_duvessa
D:6:      layout_loops_ring
D:7:      layout_basic, nicolae_dithmenos_shadow_blocks, temple_fountains,
          nicolae_concentric_dashed_squares_wild, nicolae_lava_and_water,
          minmay_misc_feat_plants
D:8:      layout_loops_ring, dpeg_lair_monsters, special_room
          [special_room_orc], kennysheep_generic_room_15, uniq_joseph
D:9:      layout_loops_corners, orc_0_dummy, serial_shops,
          nicolae_shop_advertising_works [nicolae_subvault_shop_adworks],
          nicolae_shop_statue_plus, minmay_shop_mayhem, uniq_prince_ribbit1
D:10:     layout_cross, nemelex_diamond_rough_becter, uniq_josephine
D:11:     nicolae_cairo_tiling_large_dashed, layout_small_grid,
          nrook_mini_backslash, small_chamber_with_monster, grunt_ministairs_7,
          uniq_nergalle
D:12:     layout_basic, grunt_decor_fettered, tso_oasis_becter
D:13:     layout_gridville, ximxim_vaults_locker_room, uniq_rupert
D:14:     layout_loops_ring, minmay_misc_feat_encased, minmay_shop_chei,
          kennysheep_generic_room_4
D:15:     grunt_enter_depths_snipers, layout_cave_pools
Temple:   nicolae_temple_figure_eight
Lair:1:   beast_lair_carwin_large_2, layout_regular_city,
          grunt_forest_stairs_basic, grunt_forest_small_clearing_treed,
          grunt_megastairs_1
Lair:2:   layout_concentric_octagons
Lair:3:   wad_woods_04, layout_misc_corridors, swamp_mist_pool,
          minmay_snake_entry_guardpost_medium, gammafunk_ghost_arena
Lair:4:   layout_layer_cave, nicolae_slime_entry_slimehenge,
          cheibrodos_lair_lostbears
Lair:5:   hellmonk_lair_end_abyssal_woods, layout_loops_ring,
          gammafunk_ghost_wrathful_warriors, chequers_serial_rivers_micro_a
Swamp:1:  layout_falls_marsh, nicolae_swamp_triple_paths, uniq_jorgrun
Swamp:2:  layout_basic_swamp, hangedman_swamp_ruin_wall, uniq_frances
Swamp:3:  nzn_winding_woodlands_cross [nzn_winding_woodlands_5x15_garden,
          nzn_winding_woodlands_5x15_cabin, nzn_winding_woodlands_5x15_jagged,
          nzn_winding_woodlands_5x15_parted,
          nzn_winding_woodlands_15x15_killbox], layout_falls_marsh,
          evilmike_swamp_ruin_house_5
Swamp:4:  swamp_vile, layout_basic_swamp, swamp_pool3, uniq_bai_suzhen,
          uniq_louise
Snake:1:  layout_chambers, nicolae_large_snake_swirl
Snake:2:  layout_grid_maze, portal_ice_cave_entry_ugly_swarm, uniq_aizul
Snake:3:  layout_onion, minmay_shoptagon, uniq_vashnia
Snake:4:  grunt_snake_rune_serpentine_throne, layout_cave_town,
          gammafunk_ghost_abyssal_escape
Slime:1:  layout_caves
Slime:2:  layout_caves, nicolae_slime_getting_an_eyeful
Slime:3:  layout_caves
Slime:4:  layout_caves, cheibrodos_slime_lost_civilization_6
Slime:5
Orc:1:    layout_caves, uniq_gastronok, uniq_maurice
Orc:2:    st_orc_pillars, layout_diamond_mine, serial_shops,
          nicolae_shop_waterfront
Elf:1:    minmay_elf_arrival_plus, layout_geoelf_grid,
          kennysheep_underground_church
Elf:2:    nicolae_elf_blades_crystal_corner, layout_loops_corners, serial_shops,
          nicolae_shop_trees, nicolae_shop_behind_doors, shop,
          nicolae_lakefront_shop, shop, hangedman_summoners_spam, uniq_azrael
Elf:3:    grunt_elf_hall_branching, layout_geoelf_diagonals
Vaults:1: gammafunk_ghost_fury_of_okawaru, nicolae_vaults_prndl,
          nicolae_vaults_network_star, nicolae_vaults_offset_grid_hallway_1,
          grunt_vaults_trifunnel, hangedman_vaults_restitches,
          nicolae_vaults_heist, v_rooms_1, nicolae_vaults_sesquioval_fish,
          nicolae_vaults_gold_heap, layout_vaults_ring, serial_shops, shop
Vaults:2: nicolae_vaults_apartment_2, hangedman_vaults_stretched_pinwheel,
          nicolae_vaults_offset_grid_hallway_3, v_misc_13, v_misc_16, v_misc_15,
          nicolae_vaults_twisting_passages, ontoclasm_vaults_claustrophobia,
          hangedman_vaults_stagger, nicolae_vaults_circle_grid_b,
          hangedman_vaults_stretched_pinwheel, nicolae_vaults_quartermaster,
          nicolae_vaults_stepped_doors, layout_vaults_maze_bifur
Vaults:3: nicolae_vaults_double_plus_1, vaults_mumra_chevron_long,
          nicolae_vaults_double_plus_3, nicolae_vaults_wine_cellar,
          nicolae_vaults_asterisk, blue_anna_dwarven_crypt,
          nicolae_vaults_trapezoid_lopsided_1, nicolae_vaults_cochlea,
          hangedman_vaults_capsules, grunt_vaults_funnel,
          ontoclasm_vaults_loading_screen, layout_vaults_omnigrid, uniq_margery
Vaults:4: gammafunk_ghost_mausoleum, vaults_room_ringed_pool,
          nicolae_vaults_storage_room_water, nicolae_vaults_halls_meeting,
          ontoclasm_vaults_twist, v_alt_pattern_2, v_misc_17,
          nicolae_vaults_network_square, nicolae_vaults_alarming, v_misc_26,
          v_alt_pattern_6, v_rooms_6, ontoclasm_vaults_decontamination,
          nicolae_vaults_oval_intersection, layout_vaults_omnibox, serial_shops,
          nicolae_shop_behind_doors
Vaults:5: serial_shops
Crypt:1:  layout_misc_corridors, st_stairs_7, amcnicky_mini_corridor_feature
Crypt:2:  gammafunk_its_a_trap, layout_rooms
Crypt:3:  due_elkab, layout_chaotic_city, tomb_entry_forgotten_bobbens
Depths:1: layout_gridville, enter_ziggurat_f, hangedman_tar_grid_catacomb,
          nicolae_ru_the_path_less_chosen, minmay_metal_thing
Depths:2: cheibrodos_witchhunters_guild, layout_long_grid,
          nicolae_trove_entry_crystal, pan_entry,
          nicolae_abyss_entry_one_way_or_another, hell_entry,
          hangedman_glass_teeth, nicolae_shop_overcharged_wands, uniq_asterion,
          uniq_vv
Depths:3: minmay_the_grid_square_5x5_5x5_mashed
          [minmay_the_grid_square_5x5_moneybag,
          minmay_the_grid_square_5x5_bracketed, minmay_the_grid_square_5x5_v,
          minmay_the_grid_square_5x5_inset,
          minmay_the_grid_square_5x5_gyroscope,
          minmay_the_grid_square_5x5_tetrominoes,
          minmay_the_grid_square_5x5_prize_rear_guard,
          minmay_the_grid_square_5x5_detours,
          minmay_the_grid_square_5x5_prize_gold,
          minmay_the_grid_square_5x5_checkered_statues,
          minmay_the_grid_square_5x5_misaligned,
          minmay_the_grid_square_5x5_minibox,
          minmay_the_grid_square_5x5_prize_waves,
          minmay_the_grid_square_5x5_six_small,
          minmay_the_grid_square_5x5_inner_z, minmay_the_grid_square_5x5_bridge,
          minmay_the_grid_square_5x5_prize_junk,
          minmay_the_grid_square_5x5_almost_minimal,
          minmay_the_grid_square_5x5_prize_pseudospiral,
          minmay_the_grid_square_5x5_meh, minmay_the_grid_square_5x5_plus,
          minmay_the_grid_square_5x5_sharp_hourglass,
          minmay_the_grid_square_5x5_minimal,
          minmay_the_grid_square_5x5_fancy_junction,
          minmay_the_grid_square_5x5_fat_x], layout_cave_shapes,
          hangedman_coc_ice_floe, fedhas_altar_fruit_tree,
          abyss_entry_flame_altar
Depths:4: evilmike_zot_entry_hall, layout_long_grid, nicolae_uskayaw_dance_hall,
          hellmouth_1, serial_shops, shop, pan_entry
Hell
Dis:1:    layout_jigsaw
Dis:2:    hangedman_dis_monolith, layout_regular_city
Dis:3:    layout_jigsaw
Dis:4:    layout_regular_city
Dis:5:    layout_gridville
Dis:6:    layout_regular_city, nrook_loot_triangle
Coc:1:    layout_ice_bergs
Coc:2:    layout_cocytus_delve
Coc:3:    layout_ice_bergs
Coc:4:    nicolae_hells_demon_pit, layout_cocytus_water_paths
Coc:5:    layout_ice_bergs, nicolae_coc_wendigon
Coc:6:    layout_ice_bergs
Coc:7:    coc_dpeg

Skill      XL: |  1  2  3  4  5  6  7  8  9 10 11 12 13 14 15 16 17 18 19 20 21 22 23 24 25 26 27 |
---------------+----------------------------------------------------------------------------------+-----
Fighting       | 4 5 6 7 8 9 10 11 12 13 14 15 16 17 18 19 20 21 23 | 23.3
Polearms       | 2 4 6 7 9 11 12 13 14 15 16 17 18 19 20 21 22 23 25 | 25.6
Dodging        | 1 2 3 4 6 7 8 9 10 11 12 13 14 15 17 | 17.4
Armour         | 5 6 7 8 9 11 12 13 14 15 16 17 18 19 20 22 | 22.2
Invocations    | 2 4 6 7 8 9 11 12 13 15 17 20 | 20.0
Shields        | 4 6 8 9 11 12 13 14 15 16 17 18 20 | 20.8
Stealth        | 5 |  5.7
Maces & Flails | |  2.0

Action                     |  1- 3 |  4- 6 |  7- 9 | 10-12 | 13-15 | 16-18 | 19-21 | 22-24 | 25-27 || total
---------------------------+-------+-------+-------+-------+-------+-------+-------+-------+-------++-------
  Melee: Spear             |    89 |   131 |    42 |       |       |       |       |       |       ||   262
         Glaive            |       |       |   233 |   328 |       |       |       |       |       ||   561
         Demon trident     |       |       |       |   113 |  1043 |  1208 |   852 |  1659 |   155 ||  5030
         Trident           |       |       |       |    44 |       |       |       |       |   333 ||   377
         Punch             |       |       |       |     1 |       |       |       |       |       ||     1
         Trishula          |       |       |       |       |       |       |       |       |  2699 ||  2699
         Headbutt          |       |       |       |       |       |       |       |       |   433 ||   433
 Invoke: Heroism           |       |       |       |     8 |     9 |     7 |    13 |    12 |     2 ||    51
         Finesse           |       |       |       |       |     2 |     3 |     1 |       |     1 ||     7
         Divine Shield     |       |       |       |       |       |       |       |       |    10 ||    10
         Brand Weapon With |       |       |       |       |       |       |       |       |     1 ||     1
         Cleansing Flame   |       |       |       |       |       |       |       |       |    10 ||    10
         Summon Divine War |       |       |       |       |       |       |       |       |     3 ||     3
Ability: Evoke Blink       |       |       |       |       |       |       |       |       |     1 ||     1
    Use: Scroll            |       |     6 |    16 |     7 |     6 |     9 |     4 |    10 |    13 ||    71
         Potion            |       |     1 |       |     1 |     2 |     1 |     5 |     6 |    18 ||    34
   Stab: Distracted        |       |       |       |       |       |     2 |       |    11 |       ||    13
         Sleeping          |       |       |       |       |       |       |     4 |    46 |     1 ||    51
 Armour: Scale mail        |    20 |       |       |       |       |       |       |       |       ||    20
         Plate armour      |    12 |    67 |   253 |   362 |   439 |   104 |       |       |       ||  1237
         Ice dragon scales |       |       |       |       |       |   110 |       |       |       ||   110
         Ring mail         |       |       |       |       |       |   109 |   150 |   254 |   824 ||  1337
  Dodge: Dodged            |    45 |    24 |   110 |   188 |   259 |   267 |   185 |   516 |  1491 ||  3085
  Block: Buckler           |    13 |    10 |     3 |       |       |       |       |       |       ||    26
         Tower shield      |       |       |       |       |    33 |   869 |   441 |  1371 |  3868 ||  6582
         Reflection        |       |       |       |       |    12 |    98 |    52 |    64 |   160 ||   386

Table legend: (Time is in decaauts)
 A = Elapsed time spent in this place.
 B = Non-inter-level travel time spent in this place.
 C = Inter-level travel time spent in this place.
 D = Time resting spent in this place.
 E = Time spent auto-exploring this place.
 F = Levels seen in this place.
 G = Mean time per level.
                   A        B        C        D        E       F      G
               +--------+--------+--------+--------+--------+-----+--------+
         Total | 109231 | 102852 |   6379 |  10450 |  80224 |  66 | 1655.0 |
       Dungeon |  24315 |  21831 |   2484 |   1439 |  18021 |  15 | 1621.0 |
        Temple |    159 |    152 |      7 |      0 |    151 |   1 |  159.0 |
          Lair |  11768 |  10750 |   1018 |    701 |   9134 |   5 | 2353.6 |
         Swamp |   7817 |   7699 |    118 |    821 |   6178 |   4 | 1954.2 |
     Snake Pit |   9094 |   8467 |    627 |      2 |   7534 |   4 | 2273.5 |
    Slime Pits |   5297 |   5104 |    193 |   1892 |   2529 |   5 | 1059.4 |
  Orcish Mines |   2752 |   2568 |    184 |    213 |   1924 |   2 | 1376.0 |
   Elven Halls |   8057 |   7751 |    306 |    565 |   6321 |   3 | 2685.7 |
        Vaults |  15640 |  14961 |    679 |    656 |  12624 |   5 | 3128.0 |
         Crypt |   6960 |   6811 |    149 |    981 |   4999 |   3 | 2320.0 |
        Depths |   8509 |   8369 |    140 |    546 |   6504 |   4 | 2127.2 |
          Hell |   2418 |   2283 |    135 |   1333 |    652 |   1 | 2418.0 |
           Dis |   3075 |   2860 |    215 |    521 |   1856 |   6 |  512.5 |
       Cocytus |   2047 |   1931 |    116 |    360 |   1048 |   7 |  292.4 |
      Ice Cave |   1319 |   1319 |      0 |    419 |    749 |   1 | 1319.0 |
               +--------+--------+--------+--------+--------+-----+--------+

Top non-repeatable levels by time:
Vaults:2: 4156 daAuts
  Lair:5: 4102 daAuts
 Crypt:3: 3628 daAuts
Vaults:5: 3593 daAuts
   Elf:2: 3276 daAuts
   Elf:3: 2906 daAuts
 Snake:4: 2889 daAuts
Vaults:4: 2847 daAuts
 Swamp:3: 2783 daAuts
Depths:3: 2759 daAuts
Depths:1: 2638 daAuts
Vaults:3: 2591 daAuts
  Lair:4: 2523 daAuts
Vaults:1: 2451 daAuts
    Hell: 2418 daAuts
